 Dungeon Crawl Stone Soup version 0.17-a0-1509-g274fe30 (webtiles) character file.

4697 tinkerttoy the Arsonist (level 10, -5/50 HPs)
             Began as a Deep Elf Fire Elementalist on July 10, 2015.
             Was a Believer of Vehumet.
             Slain by Maud
             ... wielding a +1 long sword of slicing
              (20 damage)
             ... on level 10 of the Dungeon.
             The game lasted 00:35:01 (8589 turns).

tinkerttoy the Arsonist (DEFE)                      Turns: 8589, Time: 00:35:02

Health: -5/50      AC: 10    Str:  5    XL:     10   Next: 21%
Magic:  3/25       EV: 13    Int: 25    God:    Vehumet [**....]
Gold:   472        SH:  0    Dex: 17    Spells: 6 memorised, 10 levels left

rFire  + . .     SeeInvis +     D - +3 dagger (venom)
rCold  x . .     Clarity  .     E - +1 robe of Noon {*Contam rPois MR+++ Int+3}
rNeg   . . .     SustAt   .     (no shield)
rPois  +         Gourm    .     (no helmet)
rElec  .         Spirit   .     w - +2 cloak
rCorr  .         Warding  .     j - +2 pair of gloves
rMut   .         Stasis   .     B - +0 pair of boots
MR     ++++.                    (no amulet)
Stlth  +++.......               m - ring of fire
                                y - ring of see invisible

@: incredibly resistant to hostile enchantments, fairly stealthy
A: agile 1, dopey 1, spit poison 1
a: Spit Poison, Renounce Religion


You were on level 10 of the Dungeon.
You worshipped Vehumet.
Vehumet was pleased with you.
You were hungry.

You visited 2 branches of the dungeon, and saw 11 of its levels.

You collected 472 gold pieces.

Inventory:

Hand weapons
 D - a +3 dagger of venom (weapon)
Armour
 j - a +2 pair of gloves (worn)
 w - a +2 cloak (worn)
 B - a +0 pair of boots (worn)
 E - the +1 robe of Noon (worn) {*Contam rPois MR+++ Int+3}
   (You found it on level 9 of the Dungeon)

   It affects your intelligence (+3).
   It protects you from poison.
   It affects your resistance to hostile enchantments.
   It causes magical contamination when unequipped.
Jewellery
 h - an uncursed ring of protection from fire {unknown}
 k - an uncursed ring of ice {unknown}
 m - a ring of fire (right hand)
 n - a cursed ring of loudness {unknown}
 y - a ring of see invisible (left hand)
Magical devices
 u - a wand of digging (24)
Scrolls
 d - 4 scrolls of identify
 e - 3 scrolls of magic mapping
 r - 2 scrolls of remove curse
 s - a scroll of recharging
 t - a scroll of fog {unknown}
 x - 4 scrolls of teleportation
 F - a scroll of summoning {unknown}
Potions
 f - 2 potions of heal wounds
 g - 2 potions of flight
 o - 2 potions of haste
 q - a potion of brilliance
 v - 2 potions of lignification
Books
 b - a book of Flames

   Spells                             Type                      Level
   a - Flame Tongue                   Conjuration/Fire             1
   b - Throw Flame                    Conjuration/Fire             2
   c - Conjure Flame                  Conjuration/Fire             3
   d - Inner Flame                    Hexes/Fire                   3
   e - Sticky Flame                   Conjuration/Fire             4
   f - Fireball                       Conjuration/Fire             5
 C - a book of Party Tricks

   Spells                             Type                      Level
   a - Summon Butterflies             Summoning                    1
   b - Apportation                    Translocation                1
   c - Tukima's Dance                 Hexes                        3
   d - Alistair's Intoxication        Transmutation/Poison         4
   e - Invisibility                   Hexes                        6
Comestibles
 a - a chunk of flesh
 c - 12 bread rations
 i - 2 slices of pizza
 l - 7 beef jerkies
 z - 2 meat rations
 A - 5 fruits


   Skills:
 + Level 7.9 Dodging
 - Level 4.0 Stealth
 + Level 9.1 Spellcasting
 + Level 7.1 Conjurations
 * Level 11.0 Fire Magic


You had 10 spell levels left.
You knew the following spells:

 Your Spells              Type           Power        Failure   Level  Hunger
a - Flame Tongue          Conj/Fire      #####        1%          1    None
b - Throw Flame           Conj/Fire      ######       1%          2    None
c - Conjure Flame         Conj/Fire      ######..     1%          3    None
d - Fireball              Conj/Fire      ######....   4%          5    ####...
e - Sticky Flame          Conj/Fire      ######..     1%          4    ##.....
f - Throw Frost           Conj/Ice       ##....       1%          2    None


Dungeon Overview and Level Annotations

Branches:
Dungeon (10/15)            Temple (0/1) D:7            Lair (0/8) D:9
    Orc (1/4) D:9

Altars:
Ashenzari
Gozag
Makhleb
Okawaru
Trog
Vehumet
Xom
Yredelemnul
The Shining One

Shops:
D:6 :

Annotations:
D:9 Syn's ghost, experienced MfSk
D:10 Maud


Innate Abilities, Weirdness & Mutations

You are agile. (Dex +2)
You are dopey. (Int -2)
You can spit weak poison.


Message History

Casting: Flame Tongue
Confirm with . or Enter, or press ? or * to list all spells.
Aiming: Flame Tongue
Press: ? - help, Shift-Dir - straight line, f - Maud
Aim: Maud, wielding a long sword of slicing and wearing a shiny plate armour (moderately wounded)
You feel a surge of power!
The flame tongue hits Maud.
Maud is moderately wounded.
Maud hits you with a long sword of slicing!
* * * LOW HITPOINT WARNING * * *
Casting: Flame Tongue
Confirm with . or Enter, or press ? or * to list all spells.
Aiming: Sticky Flame
Press: ? - help, Shift-Dir - straight line, f/p - Maud
Aim: Maud, wielding a long sword of slicing and wearing a shiny plate armour (moderately wounded)
You feel a surge of power!
The sticky flame hits Maud.
Maud appears unharmed.
Maud is moderately wounded.
Maud is covered in liquid flames!
Maud burns!
Maud completely misses you.
Maud burns!
Maud hits you with a long sword of slicing!!
You die...

#. .# #.
..# #..
..#
##..####..
........
..... #..#
#@@# #..#
#..# ....
.....
######. .
[.


You could see Maud (burning).

Vanquished Creatures
  A fire drake (D:9)
  Grinder (D:6)
  A yak (D:10)
  A deep elf mage (D:9)
  Menkaure (D:6)
  6 orc warriors
  An ice beast (D:5)
  A phantom (D:6)
  A black bear (D:8)
  7 ogres
  2 necrophages
  An eye of draining (D:9)
  2 sky beasts
  A big kobold (D:9)
  4 giant frogs
  A gnoll sergeant (D:5)
  A wyvern skeleton (D:8)
  4 crimson imps
  2 jellies
  A giant frog zombie (D:8)
  3 orc priests
  7 hounds
  Crazy Yiuf (D:2)
  A centaur skeleton (D:6)
  11 orc wizards
  Jessica (D:2)
  3 iguanas
  3 worker ants
  2 hound zombies
  3 hound skeletons
  10 adders
  7 gnolls (D:5)
  4 shadow imps
  2 adder zombies
  4 oozes
  A worm (D:2)
  34 orcs
  11 bats
  A bat zombie (D:7)
  2 giant cockroaches
  14 hobgoblins
  4 jackals (D:3)
  19 kobolds
  6 quokkas
  3 ball pythons
  2 giant geckos (D:5)
  A giant gecko zombie (D:5)
  7 giant newts
  11 goblins
  6 rats
224 creatures vanquished.

Notes
Turn   | Place    | Note
--------------------------------------------------------------
     0 | D:1      | tinkerttoy the Deep Elf Fire Elementalist began the quest for the Orb.
     0 | D:1      | Reached XP level 1. HP: 10/10 MP: 6/6
   288 | D:1      | Reached XP level 2. HP: 15/15 MP: 5/8
   292 | D:1      | Learned a level 2 spell: Throw Flame
   693 | D:2      | You fall through a shaft!
   712 | D:2      | Reached XP level 3. HP: 13/19 MP: 5/10
   919 | D:2      | Noticed Crazy Yiuf
   924 | D:2      | Killed Crazy Yiuf
   924 | D:2      | Reached skill level 4 in Fire Magic
  1080 | D:2      | Reached XP level 4. HP: 24/24 MP: 9/11
  1147 | D:2      | Noticed Jessica
  1148 | D:2      | Killed Jessica
  2087 | D:3      | Learned a level 3 spell: Conjure Flame
  2176 | D:3      | Reached XP level 5. HP: 28/28 MP: 6/13
  2705 | D:4      | Reached skill level 5 in Fire Magic
  3082 | D:4      | Reached XP level 6. HP: 27/32 MP: 7/15
  3336 | D:5      | Entered Level 5 of the Dungeon
  3680 | D:5      | Found a shattered altar of Ashenzari.
  3754 | D:5      | Reached skill level 6 in Fire Magic
  3828 | D:5      | Found a shimmering altar of Xom.
  3829 | D:5      | Found a burning altar of Makhleb.
  3830 | D:5      | Found a basalt altar of Yredelemnul.
  3846 | D:5      | Reached skill level 5 in Spellcasting
  3846 | D:5      | Reached XP level 7. HP: 36/36 MP: 7/16
  3993 | D:5      | Found an opulent altar of Gozag.
  4320 | D:5      | Learned a level 5 spell: Fireball
  4325 | D:5      | Learned a level 4 spell: Sticky Flame
  4466 | D:6      | Reached skill level 7 in Fire Magic
  4642 | D:6      | Noticed Menkaure
  4649 | D:6      | Reached XP level 8. HP: 41/41 MP: 7/19
  4722 | D:6      | Killed Menkaure
  4722 | D:6      | Reached skill level 5 in Dodging
  4893 | D:6      | Noticed Grinder
  4901 | D:6      | Killed Grinder
  4901 | D:6      | Reached skill level 5 in Conjurations
  4901 | D:6      | Reached skill level 8 in Fire Magic
  4955 | D:6      | Found Siovyan's Book Shoppe.
  5017 | D:6      | Found a radiant altar of Vehumet.
  5065 | D:6      | Became a worshipper of Vehumet
  5629 | D:7      | Reached skill level 9 in Fire Magic
  5629 | D:7      | Reached XP level 9. HP: 45/45 MP: 14/21
  5831 | D:7      | Found an iron altar of Okawaru.
  5869 | D:7      | Found a bloodstained altar of Trog.
  6254 | D:7      | Found a staircase to the Ecumenical Temple.
  6299 | D:7      | Acquired Vehumet's first power
  6299 | D:7      | Offered knowledge of Sandblast by Vehumet.
  6850 | D:8      | Reached skill level 10 in Fire Magic
  6972 | D:8      | Found a glowing golden altar of the Shining One.
  7305 | D:8      | Gained mutation: You can spit weak poison. [potion of mutation]
  7305 | D:8      | Gained mutation: You are dopey. (Int -2) [potion of mutation]
  7305 | D:8      | Gained mutation: You are agile. (Dex +2) [potion of mutation]
  7502 | D:9      | Offered knowledge of Throw Frost by Vehumet.
  7606 | D:9      | Found a staircase to the Orcish Mines.
  7736 | D:9      | Noticed a fire drake
  7758 | D:9      | Killed a fire drake
  7758 | D:9      | Reached XP level 10. HP: 44/50 MP: 21/24
  7987 | D:9      | Found a staircase to the Lair.
  8081 | D:9      | Got a tattered robe
  8085 | D:9      | Identified the +1 robe of Noon {*Contam rPois MR+++ Int+3} (You found it on level 9 of the Dungeon)
  8254 | D:9      | Learned a level 2 spell: Throw Frost
  8478 | D:9      | Noticed Syn's ghost (experienced MfSk)
  8502 | Orc:1    | Entered Level 1 of the Orcish Mines
  8549 | D:10     | Entered Level 10 of the Dungeon
  8549 | D:10     | Noticed Maud
  8552 | D:10     | Reached skill level 11 in Fire Magic
  8589 | D:10     | Slain by Maud

Vault maps used:
D:1:      lemuel_arrival_cross, minmay_misc_feat_chi
D:2:      minivault_5, uniq_crazy_yiuf_cottage, uniq_jessica
D:4:      first_bread
D:5:      grunt_gozag_statues, grunt_temple_overflow_open, basic_altar
D:6:      lemuel_crystal_altar, serial_shops, nicolae_shop_waterfront,
          st_stairs_4, uniq_grinder, uniq_menkaure
D:7:      nicolae_overflow_hidden_temple, old_standard_altar, temple_green,
          grunt_ogre_cave
D:8:      nicolae_tso_carved_into_rock
D:9:      minmay_lair_entry_lava, erik_orc_3
D:10:     uniq_maud
Orc:1:    portal_ice_cave_entry_ice_beasts, basic_altar, nicolae_alphabet_shops,
          uniq_maurice

Action                   |  1- 3 |  4- 6 |  7- 9 | 10-12 || total
-------------------------+-------+-------+-------+-------++-------
Melee: Dagger            |       |     8 |   118 |    35 ||   161
 Cast: Flame Tongue      |    53 |   146 |   153 |    29 ||   381
       Throw Flame       |     2 |    20 |    18 |       ||    40
       Sticky Flame      |       |       |    14 |     4 ||    18
       Fireball          |       |       |    15 |     4 ||    19
       Throw Frost       |       |       |       |     1 ||     1
  Use: Scroll            |       |    12 |     3 |     3 ||    18
       Potion            |       |     9 |     3 |       ||    12
 Stab: Sleeping          |       |     1 |       |     1 ||     2
  Eat: Chunk             |       |     9 |    14 |     3 ||    26
       Pizza             |       |       |     1 |       ||     1
       Beef jerky        |       |       |     1 |       ||     1
